 Dungeon Crawl Stone Soup version 0.30.0-20-g3615ddf2f0 (webtiles) character file.

Game seed: 17973966247278513908

51 qw the Chopper (level 3, -6/23 HPs)
             Began as a Gargoyle Fighter on May 27, 2023.
             Killed from afar by an orc wizard (12 damage)
             ... with a puff of flame
             ... on level 2 of the Dungeon.
             The game lasted 00:00:31 (832 turns).

qw the Chopper (Gargoyle Fighter)                    Turns: 832, Time: 00:00:32

Health: -6/23      AC: 10    Str: 21    XL:     3   Next: 81%
Magic:  3/3        EV:  9    Int:  8    God:
Gold:   25         SH:  4    Dex:  9    Spells: 2/2 levels left

rFire   . . .        Y - +0 war axe
rCold   . . .        c - +0 buckler
rNeg    + . .        b - +0 scale mail
rPois   inf          (no helmet)
rElec   +            (no cloak)
rCorr   .            (no gloves)
SInv    .            (no boots)
Will    .....        (no amulet) Stlth
                     (no ring)
HPRegen 0.23/turn    (no ring)
MPRegen 0.08/turn

%: no passive effects
@: no status effects
A: sickness immunity, AC +3, negative energy resistance 1, electricity
resistance, torment resistance 1, petrification resistance
a: no special abilities


You were on level 2 of the Dungeon.
You visited 1 branch of the dungeon, and saw 2 of its levels.

You collected 25 gold pieces.


Innate Abilities, Weirdness & Mutations

You are immune to sickness and miasma.
Your stone body is resilient. (AC +3)
You are immune to poison.
You resist negative energy. (rN+)
You are resistant to electric shocks. (rElec)
You are resistant to unholy torment.
You are immune to petrification.


   Skills:
 - Level 3.2 Fighting
 + Level 3.6 Axes
 - Level 3.2 Armour
 - Level 3.2 Shields


You had 2 spell levels left.
You didn't know any spells.
Your spell library was empty.

Inventory:

Hand Weapons
 h - a +0 mace
 Y - a +0 war axe (weapon)
Armour
 b - a +0 scale mail (worn)
 c - a +0 buckler (worn)
Scrolls
 g - a scroll of identify
Potions
 d - a potion of might
 e - a potion of curing

Dungeon Overview and Level Annotations

Branches:
Dungeon (2/15)

Altars:


Message History

An orc priest comes into view. It is wielding a +0 flail.
821 ||| Stepping ~*~*~tactically~*~*~ (stealth).
An orc comes into view. It is wielding a +0 club.
The orc shouts!
The orc priest shouts!
823 ||| Stepping ~*~*~tactically~*~*~ (hiding).
You hit the orc.
The orc is severely wounded.
The orc barely misses you.
You slash the orc!
You kill the orc!
You closely miss the orc priest.
The orc priest calls down the wrath of Beogh upon you.
Beogh smites you!
Ouch! That really hurt!
You block the orc priest's attack.
An orc comes into view. It is wielding a +0 hand axe.
You closely miss the orc priest.
The orc shouts!
You hit the orc.
The orc priest hits you with a +0 flail.
The orc hits you but does no damage.
You slash the orc!
You kill the orc!
You hit the orc priest but do no damage.
You hit the orc wizard. The orc priest closely misses you.
The orc wizard closely misses you. The orc priest barely misses you.
You barely miss the orc wizard.
The orc wizard is heavily wounded.
You hit the orc priest. The orc wizard closely misses you.
The orc priest closely misses you.
You hit the orc wizard.
The orc wizard is almost dead.
You hit the orc priest.
The orc wizard hits you but does no damage.
You block the orc priest's attack.
The orc wizard points at you and mumbles some strange words.
The puff of flame hits you!
Ouch! That really hurt!
You die...

#############
#.#......:...<#
#.#.###########
#.#.# #.#.#
#.#.# #.#.#
########.#.#
..>....@)..#
.......ooo.#
########...#
.....# .~....#
........#
.oo.....#
........#
~...~....#


You could see an orc priest, an orc wizard and an orc.

Vanquished Creatures
  A gnoll (D:1)
  A dart slug (D:1)
  2 orcs (D:2)
  5 giant cockroaches (D:1)
  2 hobgoblins (D:1)
  7 jackals (D:1)
  2 quokkas
  3 ball pythons (D:1)
  3 bats (D:1)
  2 frilled lizards (D:1)
  3 goblins (D:1)
  2 kobolds (D:1)
33 creatures vanquished.

Notes
Turn   | Place    | Note
-------+----------+-------------------------------------------
     0 | D:1      | qw the Gargoyle Fighter began the quest for the Orb.
     0 | D:1      | Reached XP level 1. HP: 14/14 MP: 1/1
     0 | D:1      | 0 ||| qw: Version: 0.2-a-99-gce666ed
     0 | D:1      | 0 ||| qw: Game counter: 124
     0 | D:1      | 0 ||| qw: Always use a shield: true
     0 | D:1      | 0 ||| qw: God list: Okawaru
     0 | D:1      | 0 ||| qw: Allow faded altars: false
     0 | D:1      | 0 ||| qw: Do Orc after D:15 true
     0 | D:1      | 0 ||| qw: Do second Lair branch before Depths: true
     0 | D:1      | 0 ||| qw: Lair rune preference: random
     0 | D:1      | 0 ||| qw: Plans: Normal, Zot:1-4, God:TSO, Crypt, Tomb,
                  | Pan, Slime:5, Hells, Abyss, Win
     0 | D:1      | 0 ||| PLANNING D:1-11
   124 | D:1      | Reached XP level 2. HP: 10/19 MP: 2/2
   133 | D:1      | Reached skill level 3 in Axes
   228 | D:1      | Reached XP level 3. HP: 23/23 MP: 3/3
   271 | D:1      | 271 ||| Stepping ~*~*~tactically~*~*~ (stealth).
   332 | D:1      | 332 ||| Stepping ~*~*~tactically~*~*~ (stealth).
   365 | D:1      | 365 ||| DROPPING +0 club.
   454 | D:1      | 454 ||| Stepping ~*~*~tactically~*~*~ (hiding).
   538 | D:1      | 538 ||| Stepping ~*~*~tactically~*~*~ (stealth).
   618 | D:1      | 618 ||| Stepping ~*~*~tactically~*~*~ (stealth).
   774 | D:1      | 774 ||| READING scroll labelled POIREY BEFRIMU.
   775 | D:1      | 775 ||| READING 2 scrolls labelled YZOLUCE OTIMUDGH.
   776 | D:1      | 776 ||| DRINKING 2 cyan potions.
   821 | D:2      | 821 ||| Stepping ~*~*~tactically~*~*~ (stealth).
   823 | D:2      | 823 ||| Stepping ~*~*~tactically~*~*~ (hiding).
   829 | D:2      | HP: 5/23 [orc priest/+0 flail (5)]
   832 | D:2      | Killed from afar by an orc wizard

Levels and vault maps discovered:
D:1:      shiori_arrival_maze, layout_basic
D:2:      cheibrodos_pilgrimage, layout_basic, uniq_sigmund

Skill      XL: |  1  2 |
---------------+-------+-----
Axes           | 2 3 |  3.6
Fighting       | |  3.2
Armour         | |  3.2
Shields        | |  3.2

Action                     || total
---------------------------++-------
  Melee: War axe           ||   104
    Use: Scroll            ||     2
         Potion            ||     1
 Armour: Scale mail        ||    74
  Dodge: Dodged            ||    66
  Block: Buckler           ||    26

Table legend:
 A = Non-vault XP
 B = Vault XP
 C = Vault XP percentage of total XP
 D = Non-vault monster count
 E = Vault monster count
 F = Vault count percentage of total count
                 A         B        C        D         E       F
            +---------+---------+-------+---------+---------+-------
      Total |      64 |       9 |  12.3 |      29 |       4 |  12.1
            +---------+---------+-------+---------+---------+-------
        D:1 |      62 |       3 |   4.6 |      28 |       2 |   6.7
        D:2 |       2 |       6 |  75.0 |       1 |       2 |  66.7
            +---------+---------+-------+---------+---------+-------
